 Dungeon Crawl Stone Soup version 0.26-a0-683-g5206c1d7ac (webtiles) character file.

Game seed: 14752932668951577688

169409 jasper the Warrior (level 18, -2/129 HPs)
             Began as a Kobold Berserker on Oct 22, 2020.
             Was the Champion of Trog.
             Slain by a ghost moth (11 damage)
             ... on level 4 of the Spider Nest.
             The game lasted 01:16:07 (40210 turns).

jasper the Warrior (Kobold Berserker)              Turns: 40210, Time: 01:16:08

Health: -2/129     AC: 19    Str: 18 (19) XL:     18   Next: 60%
Magic:  0/18       EV: 16    Int:  7 (9)  God:    Trog [******]
Gold:   1989       SH:  7    Dex: 17      Spells: 17/17 levels left

rFire    + + .     SeeInvis .   j - +1 demon whip (freeze)
rCold    + + +     Faith    +   A - +0 buckler "Xuig" {rElec rF+ Int+2}
rNeg     + + +     Spirit   .   q - +8 plate armour of the Yeti {rPois rC+}
rPois    +         Reflect  .   t - +0 helmet (curse)
rElec    +         Harm     .   U - +2 cloak {Stlth+}
rCorr    .         Rampage  .   R - +0 pair of gloves
MR       +++..                  I - +0 pair of boots of Zush {rC+ Regen+} (curse)
Stlth    ++........             v - amulet of faith
HPRegen  0.71/turn              L - ring of Xoilouq {rF+ rN+++ MR++ Int-2 Stlth+}
MPRegen  0.16/turn              p - ring of protection from cold

@: lethally poisoned (-2 -> -3), corroded, berserk cooldown, slowed, studying
Armour, very slow
A: small, nightstalker 3
a: Berserk, Trog's Hand, Brothers in Arms, Renounce Religion


You were on level 4 of the Spider Nest.
You worshipped Trog.
Trog was exalted by your worship.
You visited 4 branches of the dungeon, and saw 27 of its levels.
You also visited: Volcano.

You collected 3442 gold pieces.
You spent 1453 gold pieces at shops.

Inventory:

Hand Weapons
 j - a +1 demon whip of freezing (weapon)
Missiles
 g - 68 boomerangs (quivered)
Armour
 q - the +8 plate armour of the Yeti (worn) {rPois rC+}
   (You found it on level 4 of the Lair of Beasts)

   It protects you from cold.
   It protects you from poison.
 t - a cursed +0 helmet (worn)
 A - the +0 buckler "Xuig" (worn) {rElec rF+ Int+2}
   (You found it on level 4 of the Dungeon)

   It affects your intelligence (+2).
   It protects you from fire.
   It insulates you from electricity.
 G - a +2 cloak of fire resistance
 I - the cursed +0 pair of boots of Zush (worn) {rC+ Regen+}
   (You bought it in a shop on level 2 of the Orcish Mines)

   It protects you from cold.
   It increases your rate of regeneration.
   It has a curse placed upon it.
 M - a +1 scale mail of fire resistance
 R - a +0 pair of gloves (worn)
 U - a +2 cloak of stealth (worn)
Jewellery
 p - a ring of protection from cold (right hand)
 v - an amulet of faith (around neck)
 y - an uncursed ring of protection from fire
 K - an uncursed ring of fire
 L - the ring of Xoilouq (left hand) {rF+ rN+++ MR++ Int-2 Stlth+}
   (You acquired it on level 2 of the Orcish Mines)

   [ring of stealth]

   It affects your intelligence (-2).
   It protects you from fire.
   It renders you almost immune to negative energy.
   It affects your resistance to hostile enchantments.
   It makes you more stealthy.
 X - an uncursed ring of protection from cold
Wands
 u - a wand of flame (34)
 B - a wand of acid (21)
 H - a wand of polymorph (45)
 P - a wand of iceblast (66)
 T - a wand of enslavement (3)
 V - a wand of digging (5)
 Y - a wand of paralysis (23)
Scrolls
 d - a scroll of silence
 h - a scroll of holy word
 o - 9 scrolls of teleportation
 r - 2 scrolls of enchant weapon
 s - 4 scrolls of magic mapping
 w - 13 scrolls of remove curse
 x - 5 scrolls of immolation
 D - 5 scrolls of enchant armour
 J - 3 scrolls of fear
Potions
 c - 8 potions of stabbing
 e - 2 potions of cancellation
 i - 5 potions of mutation
 k - 4 potions of magic
 l - 13 potions of curing
 m - 11 potions of flight
 n - 6 potions of haste
 z - 3 potions of might
 C - a potion of invisibility
 F - 2 potions of ambrosia
 N - 4 potions of lignification
 O - 6 potions of brilliance {unknown}
 S - 4 potions of heal wounds
 Z - a potion of resistance {unknown}
Books
 a - a manual of Armour
Miscellaneous
 b - a phial of floods
 f - a lightning rod (1/4)
 E - a condenser vane (inert)
 Q - a box of beasts (3/3)
 W - a phantom mirror


   Skills:
 * Level 19.7 Fighting
 - Level 14.3 Maces & Flails
 + Level 12.4 Armour
 + Level 14.0 Dodging
 - Level 11.0 Stealth
 - Level 5.6 Shields
 + Level 13.7 Evocations


You had 17 spell levels left.
You didn't know any spells.
Your spell library was empty.

Dungeon Overview and Level Annotations

Branches:
Dungeon (15/15)            Temple (0/1) D:6            Lair (6/6) D:9
 Shoals (0/4) Lair:2       Spider (4/4) Lair:4        Slime (0/5) Lair:5
    Orc (2/2) D:9             Elf (0/3) Orc:2        Vaults (0/5) D:14
 Depths (0/5) D:15        Volcano (visited)

Altars:
Ashenzari
Cheibriados
Dithmenos
Elyvilon
Gozag
Hepliaklqana
Kikubaaqudgha
Makhleb
Nemelex Xobeh
Okawaru
Ru
Sif Muna
Uskayaw
Vehumet
Wu Jian
Xom
Beogh

Shops:
D:4 [   Orc:1 (   Orc:2 (:(*[[*

Portals:
Abyss: D:8

Annotations:
D:4 exclusion: door
D:8 2 transporters, TigOlBitties's ghost, novice DEAE
D:10 2 transporters
D:13 1 runed translucent door, OceanMan's ghost, journeyman MiFi
Lair:3 3 runed translucent doors, exclusion: 2 oklob plants
Lair:4 1 runed translucent door, jr88keys's ghost, journeyman DrCj
Lair:5 exclusion: 2 oklob plants


Innate Abilities, Weirdness & Mutations

You are small and have problems with some larger weapons.
You are completely attuned to the shadows.


Message History

Something hits you but does no damage.
Something stings you but does no damage.
You whack something!
You feel sick.
You closely miss something. You barely miss something.
You feel you are being watched by something.
You feel your power leaking away. Something hits you but does no damage.
Something barely misses you.
Something stings you but does no damage.
You now have 0/18 mp.
You hit something.
You feel sick.
You take 1 damage, and have 13/193 hp.
You barely miss something. You hit something. You freeze something.
You are no longer berserk.
You are exhausted.
You feel yourself slow down.
You feel you are being watched by something.
Something hits you!
You die...

..................^........
....#####...#####.........
..# #..)# ##........ #...#
##....... #...# ##......
#^†○# ##.<... #.)^# #.....
..##†○†## ##.... ...^@††§.
##... #.†§{†††.. #...
#.....†... ###. .?.......
#. ^........ ##


There were no monsters in sight!

Vanquished Creatures
  Arachne (Spider:4)
  Gastronok (D:8)
  Kirke (D:12)
  2 ghost moths (Spider:4)
  2 emperor scorpions
  An orc warlord (Orc:2)
  2 entropy weavers
  Azrael (D:14)
  2 spark wasps
  An ettin (D:15)
  8 hydras
  7 vault guards (D:14)
  8 two-headed ogres
  An ogre mage (D:15)
  6 boulder beetles
  7 centaur warriors
  A dancing weapon (Volcano)
  3 death yaks (Lair:6)
  3 orc high priests
  4 skeletal warriors
  2 unseen horrors
  A deep troll (D:15)
  A necromancer (Lair:6)
  5 wizards (Volcano)
  20 orb spiders
  6 orc sorcerers (Orc:2)
  A wolf spider zombie (D:15)
  2 cyclopes
  14 ugly things
  4 orc knights
  2 moths of wrath
  23 wolf spiders
  Maurice (D:8)
  3 merfolk sirens (Lair:2)
  2 black mambas
  14 elephants
  5 toenail golems (Volcano)
  2 gargoyles
  A torpor snail (Spider:3)
  A cane toad (shapeshifter) (D:13)
  16 cane toads
  10 komodo dragons
  3 rime drakes
  2 efreet
  A guardian mummy (D:14)
  18 demonic crawlers
  A kobold demonologist (D:11)
  A tengu conjurer (D:12)
  3 meliai (D:15)
  A merfolk (Lair:2)
  5 trolls
  8 polar bears
  32 jumping spiders
  12 hornets
  8 blink frogs
  A slime creature (D:12)
  19 dream sheep
  14 spriggans (Lair:6)
  Sigmund (D:6)
  26 tarantellas
  A wraith (D:12)
  A vampire (D:15)
  42 redbacks
  45 yaks
  2 shadows
  4 wyverns
  4 fire elementals (D:14)
  4 basilisks
  Grum (D:8)
  3 vampire mosquitoes
  A warg (Orc:2)
  4 acid dragons
  11 water moccasins
  4 hell hounds (D:14)
  A swamp drake (D:9)
  A hornet zombie (D:14)
  29 orc warriors
  4 sky beasts
  9 black bears
  5 ice beasts
  A phantom (D:11)
  A necrophage (D:8)
  An eye of draining (D:15)
  11 ogres
  3 boggarts (Lair:6)
  4 centaurs
  31 wolves
  4 big kobolds
  3 elf zombies (D:6)
  18 bullfrogs
  A gnoll sergeant (D:12)
  A wyvern zombie (D:14)
  6 scorpions
  15 wights
  9 killer bees
  An electric eel (Lair:3)
  2 howler monkeys
  6 centaur zombies
  A bullfrog zombie (D:11)
  2 quasits
  9 hounds
  A gnoll shaman (D:7)
  20 orc priests
  5 bullfrog skeletons
  2 centaur skeletons
  2 jellies (D:14)
  42 orc wizards
  3 iguanas
  5 polar bear simulacra (Lair:6)
  6 hell rats (Lair:6)
  2 human skeletons (D:6)
  14 worker ants
  3 yak simulacra (Lair:6)
  A hound zombie (D:10)
  A hound skeleton (D:9)
  2 worker ant zombies
  15 adders
  8 gnolls
  A shadow imp (D:2)
  2 white imps
  An ufetubus (D:9)
  3 oozes
  2 adder skeletons (D:4)
  4 worms
  4 dart slugs
  6 leopard geckos
  91 orcs
  5 giant cockroaches
  7 goblins
  11 hobgoblins
  6 jackals
  18 kobolds
  6 quokkas
  A ball python (D:2)
  10 bats
  4 frilled lizards
  A jackal skeleton (D:9)
  An orc zombie (D:6)
  A quokka skeleton (D:8)
  9 rats
  3 river rat simulacra (Lair:6)
989 creatures vanquished.

Vanquished Creatures (collateral kills)
  Jorgrun (Orc:1)
  2 emperor scorpions (Spider:1)
  A ghoul (D:14)
  Harold (D:8)
  A vault guard (D:14)
  A hydra (D:8)
  An orc high priest (Orc:2)
  A death knight (D:12)
  2 skeletal warriors (D:13)
  An orc knight (D:11)
  2 wolf spiders (Spider:1)
  A centaur zombie (D:14)
  A demonic crawler (Spider:1)
  A jumping spider (Spider:1)
  2 hornets
  2 yaks (D:9)
  3 orc warriors (Orc:2)
  A black bear (D:9)
  A centaur (D:9)
  An ogre (D:10)
  A scorpion (Spider:1)
  5 killer bees (D:10)
  2 orc priests (Orc:2)
  A hound (D:9)
  2 orc wizards (Orc:2)
  7 orcs
45 creatures vanquished.

Vanquished Creatures (others)
  A centaur warrior (D:12)
  2 dream sheep (Lair:3)
  4 humans (D:12)
  A bullfrog (D:14)
  A killer bee (D:12)
  An orc priest (Orc:2)
  2 orc wizards
  An orc (Orc:2)
  A quokka (D:7)
  78 fungi
  119 plants
  8 withered plants (D:14)
219 creatures vanquished.

Grand Total: 1253 creatures vanquished

Notes
Turn   | Place    | Note
-------+----------+-------------------------------------------
     0 | D:1      | jasper the Kobold Berserker began the quest for the Orb.
     0 | D:1      | Reached XP level 1. HP: 14/14 MP: 1/1
   118 | D:1      | Reached XP level 2. HP: 19/19 MP: 2/2
  1055 | D:1      | Reached XP level 3. HP: 23/23 MP: 3/3
  1709 | D:2      | Reached ** piety under Trog
  1729 | D:2      | Reached XP level 4. HP: 28/28 MP: 4/4
  2190 | D:2      | Reached XP level 5. HP: 25/32 MP: 5/5
  2524 | D:2      | Reached skill level 5 in Maces & Flails
  2885 | D:2      | Reached XP level 6. HP: 37/37 MP: 6/6
  3929 | D:3      | Found a broken altar of Ashenzari.
  4219 | D:4      | Found a burning altar of Makhleb.
  4347 | D:4      | Found Satitzext's Armour Emporium.
  4383 | D:4      | Found a shimmering blue altar of Sif Muna.
  4405 | D:4      | Reached XP level 7. HP: 36/41 MP: 7/7
  4421 | D:4      | Reached *** piety under Trog
  4652 | D:4      | Got a polished buckler
  4658 | D:4      | Identified the +0 buckler "Xuig" {rElec rF+ Int+2} (You
                  | found it on level 4 of the Dungeon)
  5367 | D:4      | Found a sacrificial altar of Ru.
  5400 | D:5      | Entered Level 5 of the Dungeon
  5404 | D:5      | Found an iron altar of Okawaru.
  5429 | D:5      | Reached XP level 8. HP: 44/46 MP: 8/8
  6819 | D:6      | Noticed Sigmund
  6826 | D:6      | Killed Sigmund
  6826 | D:6      | Reached skill level 10 in Maces & Flails
  6826 | D:6      | Reached XP level 9. HP: 51/51 MP: 9/9
  6870 | D:6      | Found a staircase to the Ecumenical Temple.
  6955 | D:6      | Reached **** piety under Trog
  7649 | D:6      | Found a hide-covered altar of Uskayaw.
  7742 | D:6      | Found a radiant altar of Vehumet.
  8417 | D:7      | Found a white marble altar of Elyvilon.
  8882 | D:7      | Found a snail-covered altar of Cheibriados.
  8909 | D:7      | Found an ancient bone altar of Kikubaaqudgha.
  8985 | D:7      | Found an ornate altar of the Wu Jian Council.
  9274 | D:7      | Reached XP level 10. HP: 56/56 MP: 10/10
  9559 | D:8      | Reached ***** piety under Trog
  9864 | D:8      | Found an opulent altar of Gozag.
  9864 | D:8      | Noticed Gastronok
  9885 | D:8      | Killed Gastronok
 10037 | D:8      | Found a sparkling altar of Nemelex Xobeh.
 10079 | D:8      | Noticed Grum
 10519 | D:8      | Killed Grum
 10563 | D:8      | Found a transporter.
 10583 | D:8      | Found a one-way gate to the infinite horrors of the Abyss.
 10620 | D:8      | You fall into a shaft and drop 3 floors!
 10675 | D:10     | Entered Level 10 of the Dungeon
 10677 | D:10     | Paralysed by a hornet for 2 turns
 10690 | D:10     | Paralysed by a hornet for 2 turns
 10700 | D:10     | Reached XP level 11. HP: 37/60 MP: 11/11
 11023 | D:10     | Found a transporter.
 11024 | D:10     | Found the +2 robe of Vines {NoPotionHeal Regen+7}
 11040 | D:10     | Noticed an ettin
 11042 | D:10     | Noticed a wizard
 11121 | D:8      | Noticed a two-headed ogre
 11128 | D:8      | Killed a two-headed ogre
 11283 | D:8      | Found a shadowy altar of Dithmenos.
 11318 | D:8      | Found a hazy altar of Hepliaklqana.
 11358 | D:8      | Reached skill level 1 in Shields
 11404 | D:8      | Found a transporter.
 11408 | D:8      | Identified the +9 short sword "Undertaker" {distort, Int+5}
 11556 | D:8      | Noticed a seven-headed hydra
 12104 | D:8      | Killed an eight-headed hydra
 12242 | D:8      | Noticed TigOlBitties's ghost (novice DEAE)
 12457 | D:8      | Got a smoking tin ring
 12459 | D:8      | Identified the ring "Kokkesah" {Ice *Slow MR++ Str+4} (You
                  | found it on level 8 of the Dungeon)
 12521 | D:9      | Noticed Harold
 12529 | D:8      | Killed Harold
 12529 | D:8      | Reached skill level 5 in Shields
 12577 | D:9      | Noticed Maurice
 12592 | D:8      | Killed Maurice
 12724 | D:9      | Paralysed by a hornet for 3 turns
 12734 | D:9      | Reached skill level 1 in Stealth
 12902 | D:9      | Reached skill level 1 in Evocations
 12920 | D:9      | Reached skill level 4 in Fighting
 13098 | D:9      | Found a staircase to the Lair.
 13381 | D:9      | Reached XP level 12. HP: 45/67 MP: 12/12
 13401 | D:9      | Reached skill level 5 in Fighting
 13576 | D:9      | Found a staircase to the Orcish Mines.
 14236 | D:10     | Noticed a wizard
 14244 | D:10     | Found a transporter.
 14667 | D:10     | Noticed a two-headed ogre
 14677 | D:10     | Killed a two-headed ogre
 14790 | D:10     | Reached skill level 6 in Fighting
 15013 | D:10     | Noticed an eight-headed hydra
 15013 | D:10     | a tyrant leech changed into an eight-headed hydra
 15016 | D:10     | an eight-headed hydra changed into something unseen
 15019 | D:10     | Noticed a catoblepas
 15948 | D:11     | Reached skill level 5 in Dodging
 16062 | D:10     | Noticed a seven-headed hydra
 16063 | D:10     | Noticed a great orb of eyes
 16063 | D:10     | a seven-headed hydra changed into a great orb of eyes
 16064 | D:10     | Noticed a boulder beetle
 16064 | D:10     | a great orb of eyes changed into a boulder beetle
 16065 | D:10     | Noticed a satyr
 16065 | D:10     | a boulder beetle changed into a satyr
 16070 | D:10     | Noticed an anaconda
 16070 | D:10     | a satyr changed into an anaconda
 16071 | D:10     | Noticed a boulder beetle
 16071 | D:10     | an anaconda changed into a boulder beetle
 16072 | D:10     | Noticed an ice dragon
 16072 | D:10     | a boulder beetle changed into an ice dragon
 16074 | D:10     | Noticed a shock serpent
 16074 | D:10     | an ice dragon changed into a shock serpent
 16175 | D:11     | Reached skill level 5 in Stealth
 16629 | D:11     | Reached skill level 7 in Fighting
 16796 | D:11     | Noticed a centaur warrior
 16831 | D:11     | Killed a centaur warrior
 17264 | D:10     | Noticed a fire crab
 17264 | D:10     | a lindwurm changed into a fire crab
 17273 | D:10     | a fire crab changed into a yaktaur
 17305 | Lair:1   | Entered Level 1 of the Lair of Beasts
 17536 | Lair:1   | Noticed a seven-headed hydra
 17545 | Lair:1   | Killed a seven-headed hydra
 17545 | Lair:1   | Reached skill level 5 in Evocations
 18018 | Lair:1   | Reached XP level 13. HP: 78/78 MP: 13/13
 18058 | Lair:1   | Reached skill level 8 in Fighting
 19475 | Lair:2   | You fall into a shaft and drop 1 floor!
 19648 | Lair:3   | Noticed an eight-headed hydra
 19660 | Lair:3   | Killed an eight-headed hydra
 19922 | Lair:3   | Found a dark tunnel.
 19928 | Volcano  | Entered a volcano
 19953 | Volcano  | Reached skill level 9 in Fighting
 20367 | Volcano  | Received a gift from Trog
 20367 | Volcano  | Reached skill level 5 in Armour
 20669 | Lair:2   | Found a staircase to the Shoals.
 21501 | Lair:3   | Reached skill level 10 in Fighting
 21648 | Lair:3   | Found a shimmering altar of Xom.
 21726 | Lair:3   | Noticed a five-headed hydra
 21731 | Lair:3   | Killed a five-headed hydra
 21998 | Lair:3   | Found a runed translucent gate.
 21998 | Lair:3   | Found a runed translucent gate.
 21998 | Lair:3   | Found a runed translucent gate.
 22254 | Lair:4   | Found a runed translucent door.
 22308 | Lair:4   | Reached XP level 14. HP: 78/88 MP: 14/14
 22377 | Lair:4   | Found a hole to the Spider Nest.
 22433 | Lair:4   | Got a transparent plate armour
 22462 | Lair:3   | Identified the +8 plate armour of the Yeti {rPois rC+} (You
                  | found it on level 4 of the Lair of Beasts)
 24106 | Lair:4   | Noticed jr88keys's ghost (journeyman DrCj)
 24313 | Lair:5   | Reached skill level 11 in Fighting
 24668 | Lair:5   | Found a staircase to the Slime Pits.
 25400 | Lair:6   | Entered Level 6 of the Lair of Beasts
 25435 | Lair:6   | Received a gift from Trog
 25698 | Lair:6   | Reached skill level 10 in Stealth
 26527 | Orc:1    | Entered Level 1 of the Orcish Mines
 26768 | Orc:1    | Found a roughly hewn altar of Beogh.
 26985 | Orc:1    | Reached skill level 12 in Fighting
 27001 | Orc:1    | Noticed Jorgrun
 27024 | Orc:1    | Killed Jorgrun
 27024 | Orc:1    | Reached XP level 15. HP: 55/96 MP: 15/15
 27225 | Orc:1    | Found Buagof's Antique Weapon Boutique.
 27365 | Orc:2    | Entered Level 2 of the Orcish Mines
 27411 | Orc:1    | Received a gift from Trog
 27794 | Orc:2    | Found a roughly hewn altar of Beogh.
 27815 | Orc:2    | Found Uczohesh's Antique Weapon Shop.
 27990 | Orc:2    | Found a staircase to the Elven Halls.
 28120 | Orc:2    | Noticed an orc warlord
 28156 | Orc:2    | Killed an orc warlord
 28397 | Orc:2    | Reached skill level 10 in Dodging
 28745 | Orc:2    | Found Uthicry's Armour Emporium.
 28751 | Orc:2    | Found Tovuxobb's General Store.
 28756 | Orc:2    | Bought a condenser vane (2/2) for 240 gold pieces
 28863 | Orc:2    | Found Bexi's Antique Armour Boutique.
 28863 | Orc:2    | Found Nemaoroc's Antique Weapon Boutique.
 28867 | Orc:2    | Bought a pair of translucent boots for 351 gold pieces
 28882 | Orc:2    | Identified the cursed +0 pair of boots of Zush {rC+ Regen+}
                  | (You bought it in a shop on level 2 of the Orcish Mines)
 28888 | Orc:2    | Found Nyehon's General Store.
 28889 | Orc:2    | Found Omeimyho's Book Shop.
 28895 | Orc:2    | Bought a scroll of acquirement for 780 gold pieces
 28895 | Orc:2    | Bought a scroll of identify for 30 gold pieces
 28895 | Orc:2    | Bought a scroll of magic mapping for 52 gold pieces
 28896 | Orc:2    | Acquired a manual of Fighting
 28897 | Orc:2    | Acquired 634 gold pieces
 28898 | Orc:2    | Acquired the ring of Xoilouq {rF+ rN+++ MR++ Int-2 Stlth+}
 28899 | Orc:2    | Acquired a manual of Armour
 29351 | Lair:6   | Reached skill level 13 in Fighting
 29493 | Lair:6   | Received a gift from Trog
 29562 | Lair:6   | Reached skill level 10 in Evocations
 29912 | Lair:6   | Reached skill level 14 in Fighting
 30903 | D:12     | Noticed Kirke
 30917 | D:12     | Killed Kirke
 30917 | D:12     | Reached XP level 16. HP: 69/107 MP: 5/16
 31080 | D:12     | Reached skill level 15 in Fighting
 31163 | D:12     | Reached ****** piety under Trog
 31163 | D:12     | Received a gift from Trog
 33155 | D:13     | Reached skill level 16 in Fighting
 33221 | D:13     | Found a runed translucent door.
 33221 | D:13     | Found a shimmering altar of Xom.
 33221 | D:13     | Noticed OceanMan's ghost (journeyman MiFi)
 33698 | D:14     | Received a gift from Trog
 33727 | D:14     | Found a shimmering blue altar of Sif Muna.
 33890 | D:14     | Noticed Azrael
 33920 | D:14     | Killed Azrael
 33927 | D:14     | HP: 3/111 [vault guard/+0 long sword (12)]
 34525 | D:14     | Found a gate to the Vaults.
 34694 | D:14     | Reached skill level 17 in Fighting
 34694 | D:14     | Reached skill level 10 in Armour
 34829 | D:15     | Entered Level 15 of the Dungeon
 35422 | D:15     | Reached XP level 17. HP: 115/118 MP: 5/17
 35433 | D:15     | Found a staircase to the Depths.
 36128 | D:15     | Found a broken altar of Ashenzari.
 36743 | Spider:1 | Entered Level 1 of the Spider Nest
 36833 | Lair:4   | Reached skill level 18 in Fighting
 37540 | Spider:1 | Received a gift from Trog
 38810 | Spider:2 | Reached skill level 19 in Fighting
 39165 | Spider:3 | Received a gift from Trog
 39165 | Spider:3 | Reached XP level 18. HP: 93/128 MP: 18/18
 39874 | Spider:4 | Entered Level 4 of the Spider Nest
 40107 | Spider:4 | Noticed Arachne
 40115 | Spider:4 | Received a gift from Trog
 40124 | Spider:4 | Killed Arachne
 40210 | Spider:4 | Slain by a ghost moth

Illustrated notes

Levels and vault maps discovered:
D:1:      ncdulo_smallfort, layout_rooms, serial_forest,
          infiniplex_forest_straight_1, infiniplex_forest_split,
          infiniplex_forest_lined_2, infiniplex_forest_clump_curved,
          infiniplex_forest_corner_1, infiniplex_forest_lined_room_,
          infiniplex_forest_end_3, infiniplex_forest_fountain,
          minmay_misc_feat_rugged
D:2:      layout_basic
D:3:      minmay_chambers_of_twos, layout_loops_ring,
          ashenzari_conservatory_becter
D:4:      layout_cave_pools, nicolae_ru_path_of_blood,
          overflow_temple_1_default, serial_shops, shop, led_sif_book
D:5:      layout_cave_pools, lemuel_crystal_altar
D:6:      layout_basic, kennysheep_mini_moat, minmay_temple_entry_overgrown,
          nicolae_ossuary_entry_catacombs, basic_altar, uniq_sigmund
D:7:      layout_basic, cheibriados_altar_1, elyvilon_altar_4,
          nicolae_overflow_crystal_walls, lemuel_coloured_pillars_altar
D:8:      layout_gridville, riverfiend_overflow_shadow_ancestor,
          marbit_many_paths, lemuel_doored_altar,
          gammafunk_ghost_abyssal_escape, minmay_pinched_square, uniq_grum,
          uniq_gastronok
D:9:      layout_rooms, due_lair_maze_entry_diamond, erik_orc_1, uniq_maurice,
          uniq_harold
D:10:     gammafunk_sealed_arena, layout_rooms, kennysheep_generic_room_3
D:11:     layout_stronghold
D:12:     minmay_ornate_pinched, layout_long_grid, portal_ice_cave_rime,
          minivault_28, uniq_kirke
D:13:     layout_roguey, ebering_ghost_xom
D:14:     layout_cave_pods, erik_vaults_2, kennysheep_flooded_box, basic_altar,
          serial_undead, serial_undead_f, serial_undead_c, serial_undead_b,
          serial_undead_a, uniq_azrael
D:15:     hangedman_depths_entry_civil_slaughter, layout_basic,
          old_standard_altar
Lair:1:   layout_small_grid, infiniplex_staircase_pool_2, grunt_megastairs_1
Lair:2:   layout_gridlike, elwin_shoals_entry_stream, grunt_megastairs_5
Lair:3:   layout_chaotic_city, gammafunk_ghost_icy,
          lightli_volcano_entry_magma_tube, kb_xom_exploding_sheep,
          infiniplex_staircase_pool, minmay_lair_oklob_chamber,
          grunt_megastairs_3, serial_bayou_shore_b
Lair:4:   layout_layer_cave, nicolae_spider_entry_non_spiders,
          ebering_ghost_inner_flame
Lair:5:   layout_loops_ring, minmay_slime_entry_oklob_open
Lair:6:   minmay_lair_end_enchanted_forest, layout_loops_ring,
          eino_house_with_fridge
Spider:1: nicolae_spider_corner, drop_trap, einodemon_crawler_minivault
Spider:2: layout_spider_delve
Spider:3: layout_spider_delve
Spider:4: johnstein_spider_rune_arachne_lair, ebering_ghost_xom
Orc:1:    layout_diamond_mine, basic_altar, serial_shops,
          nicolae_shop_overgrown_old_shop, uniq_jorgrun
Orc:2:    st_orc_congregation, layout_caves, serial_shops, nicolae_shop_trees,
          nicolae_shop_behind_doors, shop, basic_altar

Skill      XL: |  1  2  3  4  5  6  7  8  9 10 11 12 13 14 15 16 17 18 |
---------------+-------------------------------------------------------+-----
Maces & Flails | 3 4 5 6 8 10 11 13 14 | 14.3
Shields        | 5 |  5.6
Stealth        | 2 6 8 10 11 | 11.0
Evocations     | 2 5 7 9 10 11 13 | 13.7
Fighting       | 4 7 10 12 14 17 19 | 19.7
Dodging        | 3 5 7 9 11 12 13 14 | 14.0
Armour         | 2 4 5 6 8 10 11 12 | 12.4

Action                   |  1- 3 |  4- 6 |  7- 9 | 10-12 | 13-15 | 16-18 || total
-------------------------+-------+-------+-------+-------+-------+-------++-------
Melee: Mace              |    56 |   106 |       |       |       |       ||   162
       Flail             |       |    50 |   394 |   987 |   255 |       ||  1686
       Morningstar       |       |       |       |       |   646 |       ||   646
       Demon whip        |       |       |       |       |   939 |  1707 ||  2646
Throw: Stone             |    10 |       |       |       |       |       ||    10
       Boomerang         |    34 |    45 |    29 |    75 |    61 |    59 ||   303
Invok: Berserk           |     1 |     7 |    16 |    35 |    22 |     9 ||    90
       Trog's Hand       |       |       |     2 |    12 |    17 |     9 ||    40
       Brothers in Arms  |       |       |       |    10 |     2 |     3 ||    15
Evoke: Wand              |       |       |       |     4 |    11 |    34 ||    49
       Box of beasts     |       |       |       |     3 |     2 |     2 ||     7
       Phial of floods   |       |       |       |       |     2 |     2 ||     4
       Lightning rod     |       |       |       |       |     9 |    18 ||    27
       Condenser vane    |       |       |       |       |       |     9 ||     9
  Use: Scroll            |       |       |     3 |     7 |    18 |     8 ||    36
       Potion            |       |       |       |     5 |       |     2 ||     7
 Stab: Sleeping          |       |     2 |     1 |     2 |     6 |     9 ||    20
       Distracted        |       |       |       |     1 |     5 |     5 ||    11
       Held in net/web   |       |       |       |       |       |     1 ||     1
Armor: Animal skin       |    10 |       |       |       |       |       ||    10
       Scale mail        |     1 |    62 |   113 |   117 |    40 |       ||   333
       Acid dragon scale |       |       |       |    97 |    22 |       ||   119
       Plate armour      |       |       |       |       |   554 |   871 ||  1425
Dodge: Dodged            |    46 |   103 |   168 |   499 |   750 |   925 ||  2491
Block: Buckler           |       |       |    73 |   235 |   371 |   435 ||  1114

Table legend: (Time is in decaauts)
 A = Elapsed time spent in this place.
 B = Non-inter-level travel time spent in this place.
 C = Inter-level travel time spent in this place.
 D = Time resting spent in this place.
 E = Time spent auto-exploring this place.
 F = Levels seen in this place.
 G = Mean time per level.
                   A        B        C        D        E       F      G
               +--------+--------+--------+--------+--------+-----+--------+
         Total |  39312 |  37543 |   1769 |   6867 |  23466 |  28 | 1404.0 |
       Dungeon |  22904 |  21996 |    908 |   4969 |  13071 |  15 | 1526.9 |
          Lair |  10267 |   9753 |    514 |   1124 |   6963 |   6 | 1711.2 |
   Spider Nest |   3052 |   3017 |     35 |    495 |   1779 |   4 |  763.0 |
  Orcish Mines |   2605 |   2294 |    311 |    199 |   1501 |   2 | 1302.5 |
       Volcano |    481 |    481 |      0 |     79 |    151 |   1 |  481.0 |
               +--------+--------+--------+--------+--------+-----+--------+

Top non-repeatable levels by time:
     D:8: 2539 daAuts
    D:11: 2146 daAuts
  Lair:4: 2043 daAuts
     D:7: 1981 daAuts
  Lair:6: 1933 daAuts
     D:9: 1825 daAuts
  Lair:3: 1705 daAuts
  Lair:5: 1614 daAuts
  Lair:1: 1594 daAuts
    D:15: 1564 daAuts
Spider:1: 1547 daAuts
     D:1: 1533 daAuts
     D:2: 1525 daAuts
   Orc:2: 1499 daAuts
    D:12: 1476 daAuts
